Map: Port Aleksander LE

Players

TLO - Winner!

  • Race: Zerg Zerg
  • Spawn Location: 5:00

goblin

  • Race: Protoss Protoss
  • Spawn Location: 11:00

Event: IEM Season 13: Katowice (2019)

VOD

Have the link to the VOD?

Description

Time

  • Played on: Feb. 25, 2019, 10:01 a.m.
  • Length: 6:53

All games in this series

Show
View Real Time Build Order
Export as new Build Order

TLO Zerg - Winner!

Build Orders: Hatch First 

Get SALT Encoding   

  12  0:01  Drone  
  13  0:12  Overlord  
  13  0:18  Drone  
  14  0:31  Drone x2  
  16  0:48  Hatchery  
  15  0:52  Drone  
  15  0:55  Drone  
  17  0:59  Drone  
  18  1:06  Extractor  
  17  1:15  Spawning Pool  
  17  1:18  Drone  
  17  1:21  Drone  
  18  1:28  Drone  
  19  1:44  Overlord  
  19  1:49  Drone  
  20  2:02  Queen x2  
  20  2:04  Zergling x2  
  20  2:05  Drone  
  26  2:11  Drone  
  26  2:12  Metabolic Boost  
  26  2:14  Drone  
  28  2:21  Drone  
  28  2:22  Drone  
  30  2:37  Hatchery  
  30  2:42  Drone  
  30  2:46  Drone  
  30  2:50  Drone  
  32  2:54  Drone  
  32  2:55  Overlord  
  32  2:56  Drone  
  34  3:04  Drone  
  34  3:05  Queen  
  34  3:06  Overlord  
  36  3:15  Drone x2  
  36  3:16  Drone x3  
  36  3:17  Drone  
  42  3:22  Overlord  
  42  3:28  Drone, Baneling Nest  
  42  3:34  Drone  
  42  3:38  Drone  
  42  3:40  Extractor  
  43  3:42  Drone  
  43  3:45  Drone x3  
  43  3:46  Drone x2  
  49  3:49  Zergling x4  
  49  3:53  Queen  
  53  3:56  Zergling x2  
  53  3:58  Zergling x2  
  53  4:00  Zergling x2  
  56  4:07  Overlord  
  56  4:09  Overlord  
  56  4:11  Zergling x2  
  56  4:13  Zergling x2  
  56  4:14  Baneling x4  
  56  4:15  Zergling x4  
  56  4:17  Zergling x4  
  61  4:18  Baneling x2  
  61  4:21  Zergling x4  
  61  4:23  Zergling x2  
  65  4:25  Zergling x2  
  65  4:30  Zergling x2  
  66  4:35  Zergling x2  
  66  4:37  Spine Crawler  
  66  4:38  Spine Crawler, Zergling x2  
  64  4:48  Zergling x2  
  64  4:49  Zergling x6  
  64  4:50  Zergling x12  
  64  4:51  Zergling x2  
  64  4:52  Zergling x2  
  71  4:57  Zergling x2  
  71  4:58  Zergling x2  
  71  4:59  Evolution Chamber  
  71  5:01  Zergling x2  
  71  5:06  Baneling x6  
  70  5:07  Zergling x2  
  70  5:09  Zergling x2  
  70  5:11  Zergling x2  
  73  5:15  Lair  
  73  5:18  Overlord  
  73  5:20  Baneling x2  
  73  5:21  Overlord  
  69  5:30  Zergling x10  
  69  5:33  Drone  
  68  5:39  Zergling x2  
  68  5:42  Zergling x2  
  67  5:43  Zergling x2  
  67  5:44  Drone  
  67  5:45  Zergling x4  
  67  5:47  Queen x2  
  73  5:50  Baneling  
  73  5:51  Baneling  
  73  5:55  Zergling x4  
  75  5:57  Zergling x2  
  75  6:00  Zergling x2  
  75  6:04  Zergling x2  
  75  6:05  Zergling x2, Baneling  
  75  6:06  Baneling x3  
  76  6:11  Zergling x2  
  76  6:12  Zergling x2  
  76  6:17  Baneling  
  78  6:18  Zergling x2  
  78  6:19  Zergling x4  
  78  6:20  Zergling x2  
  78  6:22  Zergling x2  
  72  6:28  Zergling x2  
  72  6:29  Zergling x2  
  72  6:33  Spore Crawler  
  72  6:34  Zergling x2, Roach Warren  
Show
View Real Time Build Order
Export as new Build Order

goblin Protoss 

Build Orders: 1 Gate Expand 

Get SALT Encoding   

  12  0:00  Probe  
  13  0:12  Probe  
  14  0:19  Pylon  
  14  0:24  Probe  
  15  0:33  Probe  
  15  0:41  Probe  
  15  0:42  Gateway  
  17  0:51  Assimilator  
  17  0:52  Probe  
  19  1:04  Probe  
  19  1:21  Nexus  
  19  1:23  Probe  
  20  1:36  Probe  
  20  1:37  Cybernetics Core  
  21  1:43  Assimilator  
  21  1:48  Probe  
  21  1:52  Pylon  
  22  1:57  Probe  
  23  2:04  Stalker  
  23  2:06  Probe  
  26  2:16  Probe  
  26  2:22  Robotics Facility  
  27  2:27  Warp Gate  
  27  2:28  Probe  
  27  2:29  Probe  
  28  2:36  Adept  
  31  2:39  Probe  
  31  2:40  Probe  
  33  2:52  Probe  
  34  2:59  Immortal  
  34  3:06  Gateway  
  38  3:15  Gateway  
  38  3:18  Gateway  
  38  3:25  Gateway  
  38  3:29  Warp Prism  
  38  3:31  Gateway  
  40  3:43  Gateway  
  40  3:45  Probe  
  40  3:47  Probe  
  42  3:54  Pylon  
  42  4:00  Pylon  
  42  4:13  Observer  
  43  4:25  Stalker x4  
  43  4:26  Zealot x2  
  55  4:33  Pylon  
  47  4:57  Zealot x5  
  53  5:00  Zealot x2  
  55  5:16  Stalker x2  
  55  5:20  Adept  
  55  5:21  Zealot x2, Stalker  
  47  5:45  Adept x2  
  47  5:46  Zealot x4, Stalker  
  57  6:07  Adept x2, Stalker  
  57  6:08  Stalker  
  65  6:12  Zealot x2  
  43  6:34  Adept  
  43  6:35  Adept x3  
  43  6:37  Adept, Zealot  
  43  6:39  Zealot  

Tags
 
Add a new tag
Caveats
  • Supply blocks, unpowered buildings, or Contaminate may cause inaccurate times.
  • Supply counts are checked every 10 seconds.